 Dungeon Crawl Stone Soup version 0.27-a0-1158-gaa87e14f67 (webtiles) character file.

Game seed: 16827680568827808924

676 doizer the Digger (level 7, -6/36 HPs)
             Began as a Gargoyle Earth Elementalist on May 15, 2021.
             Mangled by a wyvern skeleton (12 damage)
             ... on level 5 of the Dungeon.
             The game lasted 00:09:15 (5292 turns).

doizer the Digger (Gargoyle Earth Elementalist)     Turns: 5292, Time: 00:09:15

Health: -6/36      AC: 13    Str: 11    XL:     7   Next: 59%
Magic:  13/14      EV: 11    Int: 24    God:
Gold:   183        SH:  0    Dex: 10    Spells: 6/15 levels left

rFire    . . .     SeeInvis .   a - +0 dagger
rCold    . . .     Faith    .   (no shield)
rNeg     + . .     Spirit   .   c - +1 robe
rPois    ∞         Reflect  .   (no helmet)
rElec    +         Harm     .   s - +2 cloak
rCorr    .         Rampage  .   (no gloves)
Will     .....                  l - +2 pair of boots
Stlth    ++........             (no amulet)
HPRegen  0.12/turn              j - +6 ring of intelligence
MPRegen  0.14/turn              (no ring)

@: no status effects
A: sickness immunity, AC +4, negative energy resistance 1, electricity
resistance, torment resistance 1, petrification resistance
a: no special abilities


You were on level 5 of the Dungeon.
You visited 1 branch of the dungeon, and saw 5 of its levels.
You also visited: Sewer.

You collected 207 gold pieces.
You spent 24 gold pieces at shops.

Inventory:

Hand Weapons
 a - a +0 dagger (weapon)
 i - a +0 flail
Missiles
 b - 83 stones
 e - 3 curare-tipped darts
 w - 5 atropa-tipped darts
Armour
 c - a +1 robe (worn)
 l - a +2 pair of boots (worn)
 s - a +2 cloak (worn)
 t - a +0 helmet
Jewellery
 j - a +6 ring of intelligence (left hand)
 p - a ring of fire
Wands
 n - a wand of flame (9)
Scrolls
 g - 3 scrolls of enchant armour
 q - a scroll of amnesia
 u - 2 scrolls of magic mapping
Potions
 d - a potion of heal wounds
 f - 2 potions of ambrosia {unknown}
 h - 2 potions of flight
 k - a potion of might
 m - 2 potions of curing {unknown}
 o - a potion of cancellation {unknown}
 r - a potion of berserk rage {unknown}
 v - a potion of degeneration {unknown}


   Skills:
 - Level 1.5 Dodging
 - Level 2.1 Stealth
 + Level 4.7 Spellcasting
 + Level 4.5 Conjurations
 - Level 0.7 Transmutations
 + Level 6.8 Earth Magic


You had 6 spell levels left.
You knew the following spells:

 Your Spells              Type           Power      Damage    Failure   Level
a - Sandblast             Erth           76%        2d16      1%          1
b - Stone Arrow           Conj/Erth      64%        3d11      2%          3
c - Lee's Rapid Deconstr  Erth           19%        3d12*     16%         5

Your spell library contained the following spells:

 Spells                   Type           Power      Damage    Failure   Level
 Foxfire                  Conj/Fire      64%        2x1d7     3%          1
 Passwall                 Tmut/Erth      19%        N/A       3%          2
 Conjure Flame            Conj/Fire      16%        6-21      11%         3
 Petrify                  Tmut/Erth      23%        N/A       19%         4
 Inner Flame              Hex/Fire       5%         N/A       26%         3
 Sticky Flame             Conj/Fire      16%        2d4       34%         4
 Fireball                 Conj/Fire      8%         3d6       69%         5


Dungeon Overview and Level Annotations

Branches:
Dungeon (5/15)              Sewer (visited)
 Temple: D:4-7

Altars:
Fedhas
Kikubaaqudgha
Sif Muna

Shops:
D:2 ?

Annotations:
D:3 3 runed translucent doors, fritzmikael's ghost, amateur DjWz


Innate Abilities, Weirdness & Mutations

You are immune to sickness and miasma.
Your stone body is resilient. (AC +4)
You are immune to poison.
You resist negative energy. (rN+)
You are resistant to electric shocks. (rElec)
You are resistant to unholy torment.
You are immune to petrification.


Message History

You can't see any susceptible monsters within range! (Use Z to cast anyway.)
Casting: Sandblast (safe; 1% risk of failure)
Confirm with . or Enter, or press ? or * to list all spells.
You don't know that spell.
Your magical contamination has completely faded away.
Magic restored.
Found a stone staircase leading up.
Found a hand axe.
v - a fizzy white potion
w - 5 atropa-tipped darts
b - 84 stones (gained 26)
A wyvern skeleton comes into view.
Found a club.
There is a stone staircase leading up here.
You hit the wyvern skeleton.
The wyvern skeleton is lightly damaged.
The wyvern skeleton bites you.
You hit the wyvern skeleton.
The wyvern skeleton is lightly damaged.
The wyvern skeleton bites you! The wyvern skeleton closely misses you.
You hit the wyvern skeleton.
The wyvern skeleton is lightly damaged.
The wyvern skeleton bites you.
You hit the wyvern skeleton.
The wyvern skeleton is moderately damaged.
The wyvern skeleton bites you but does no damage.
You hit the wyvern skeleton.
The wyvern skeleton is moderately damaged.
The wyvern skeleton bites you!
Casting: Sandblast (safe; 1% risk of failure)
Confirm with . or Enter, or press ? or * to list all spells.
Aiming: Sandblast (safe; 1% risk of failure)
Press: ? - help, Shift-Dir - straight line, f - wyvern skeleton
Aim: a wyvern skeleton (moderately damaged, 98% to hit)
The blast of sand hits the wyvern skeleton!
The wyvern skeleton is severely damaged.
The wyvern skeleton bites you.
* * * LOW HITPOINT WARNING * * *
The wyvern skeleton bites you!
You die...

#......#########
#..............#
####..............#
...).......?.......#
...######..........#
... ..##..........#
#. #.##..........# #
#.##.##.<######
#########.##.###@#
.......##.##.# #Z.#
######.##.##.###..##
....................
###.##.##.##.###..##
.<#.##.##.##[# #..#
###.##.##.##.# #.)#
# #.##.##.##.. ...#
# #.##.##.####


You could see a wyvern skeleton.

Vanquished Creatures
  An ice beast (D:5)
  2 ogres (D:4)
  2 bullfrogs (Sewer)
  An orc priest (D:4)
  An orc wizard (D:4)
  12 adders
  3 gnolls (D:2)
  3 worms (D:3)
  2 dart slugs
  3 orcs (D:4)
  7 ball pythons
  11 bats
  8 endoplasms
  8 giant cockroaches
  6 hobgoblins
  2 jackals (D:4)
  6 kobolds
  5 quokkas
  3 frilled lizards
  8 goblins
  6 rats
100 creatures vanquished.

Vanquished Creatures (others)
  2 plants (D:3)
2 creatures vanquished.

Grand Total: 102 creatures vanquished

Notes
Turn   | Place    | Note
-------+----------+-------------------------------------------
     0 | D:1      | doizer the Gargoyle Earth Elementalist began the quest for
                  | the Orb.
     0 | D:1      | Reached XP level 1. HP: 10/10 MP: 3/3
   361 | D:1      | Reached skill level 4 in Earth Magic
   361 | D:1      | Reached XP level 2. HP: 14/15 MP: 5/5
   908 | D:1      | Reached XP level 3. HP: 19/19 MP: 6/6
   912 | D:1      | Learned a level 3 spell: Stone Arrow
  1458 | D:1      | Found a faded altar of an unknown god.
  1704 | D:2      | Reached skill level 1 in Conjurations
  1920 | D:2      | Reached XP level 4. HP: 24/24 MP: 8/8
  2172 | D:2      | Found Doxalurgh's Magic Scroll Emporium.
  2186 | D:2      | Bought a scroll of identify for 24 gold pieces
  2303 | D:2      | Reached skill level 5 in Earth Magic
  2585 | D:2      | Reached XP level 5. HP: 23/28 MP: 6/9
  2770 | D:2      | Learned a level 5 spell: Lee's Rapid Deconstruction
  3197 | D:3      | Found a glowing drain.
  3208 | Sewer    | Entered a sewer
  3636 | Sewer    | Reached XP level 6. HP: 32/32 MP: 8/11
  3996 | D:3      | Reached skill level 6 in Earth Magic
  4065 | D:3      | Found an ancient bone altar of Kikubaaqudgha.
  4067 | D:3      | Found a blossoming altar of Fedhas.
  4143 | D:3      | Found a runed translucent gate.
  4143 | D:3      | Found a runed translucent gate.
  4146 | D:3      | Found a runed translucent gate.
  4149 | D:3      | Noticed fritzmikael's ghost (amateur DjWz)
  4502 | D:4      | Reached XP level 7. HP: 35/36 MP: 6/13
  5009 | D:4      | Found a shimmering blue altar of Sif Muna.
  5131 | D:5      | Entered Level 5 of the Dungeon
  5292 | D:5      | Mangled by a wyvern skeleton

Illustrated notes

Levels and vault maps discovered:
D:1:      kilobyte_arrival_exit_the_forest, layout_loops_ring,
          shapermc_ecumenical_altar_totnotflames
D:2:      layout_loops_cross, serial_shops, shop, minmay_distorted
D:3:      layout_basic, grunt_temple_overflow_growth_and_decay,
          gammafunk_ghost_necromancy, cheibrodos_sewer_entry_bend,
          serial_curves, eino_curves_02, eino_curves_01
D:4:      layout_rooms, marbit_many_paths
D:5:      kennysheep_kobold_camp, layout_basic, regret_index_temple_of_mockery

Skill      XL: |  1  2  3  4  5  6  7 |
---------------+----------------------+-----
Earth Magic    | 4 5 6 |  6.8
Conjurations   | 1 3 4 |  4.5
Spellcasting   | 3 4 |  4.7
Dodging        | |  1.5
Stealth        | |  2.1
Transmutations | |  0.7

Action                   |  1- 3 |  4- 6 |  7- 9 || total
-------------------------+-------+-------+-------++-------
Melee: Dagger            |   123 |   120 |    36 ||   279
 Cast: Sandblast         |    12 |    52 |    13 ||    77
       Stone Arrow       |       |       |     1 ||     1
  Use: Scroll            |       |     6 |     3 ||     9
 Stab: Sleeping          |     4 |       |       ||     4
       Distracted        |       |     1 |       ||     1
Armor: Robe              |    62 |    84 |    29 ||   175
Dodge: Dodged            |    86 |    82 |    20 ||   188

Table legend: (Time is in decaauts)
 A = Elapsed time spent in this place.
 B = Non-inter-level travel time spent in this place.
 C = Inter-level travel time spent in this place.
 D = Time resting spent in this place.
 E = Time spent auto-exploring this place.
 F = Levels seen in this place.
 G = Mean time per level.
                   A        B        C        D        E       F      G
               +--------+--------+--------+--------+--------+-----+--------+
         Total |   5394 |   5290 |    104 |    279 |   3925 |   6 |  899.0 |
       Dungeon |   4592 |   4488 |    104 |    133 |   3437 |   5 |  918.4 |
         Sewer |    802 |    802 |      0 |    146 |    488 |   1 |  802.0 |
               +--------+--------+--------+--------+--------+-----+--------+

Top non-repeatable levels by time:
     D:1: 1640 daAuts
     D:2: 1285 daAuts
     D:3: 822 daAuts
   Sewer: 802 daAuts
     D:4: 682 daAuts
     D:5: 160 daAuts
